Map: Backwater LE

Players

lllllllllIII

  • Race: Terran Terran
  • League: Platinum
  • Spawn Location: 11:00

Kozzy - Winner!

  • Race: Protoss Protoss
  • League: Gold
  • Spawn Location: 5:00

VOD

Have the link to the VOD?

Description

Time

  • Played on: April 10, 2018, 3:34 p.m.
  • Length: 9:02
Show
View Real Time Build Order
Export as new Build Order

lllllllllIII Terran 

Build Orders: MMM Bio 

Get SALT Encoding   

  12  0:06  SCV  
  13  0:13  Supply Depot  
  13  0:26  SCV  
  14  0:41  SCV  
  15  0:44  Barracks  
  15  0:52  Barracks  
  15  1:07  Barracks  
  15  1:08  SCV  
  17  1:32  SCV  
  17  1:39  Barracks  
  17  1:40  Supply Depot  
  17  1:56  Orbital Command  
  17  1:59  Refinery  
  17  2:08  Refinery  
  17  2:12  Marine x2  
  19  2:16  Marine  
  19  2:23  SCV  
  20  2:31  Marine x2  
  22  2:47  Engineering Bay  
  21  3:13  Barracks Tech Lab  
  21  3:16  Command Center  
  21  3:18  Barracks Tech Lab  
  21  3:21  Barracks Reactor  
  21  3:25  Barracks Tech Lab  
  21  3:29  SCV  
  21  3:33  Missile Turret  
  22  3:41  SCV  
  22  3:46  Marine  
  22  3:47  Marine  
  25  3:50  Marine  
  26  4:17  Marauder x2  
  27  4:18  Marine x2, Marauder  
  29  4:28  SCV  
  29  4:29  Bunker  
  30  4:40  SCV  
  30  4:42  Concussive Shells  
  31  4:46  Stimpack  
  31  4:47  Combat Shields  
  31  4:53  SCV  
  31  4:59  Orbital Command  
  32  5:05  SCV  
  33  5:08  Missile Turret  
  33  5:17  SCV  
  34  5:22  Factory  
  34  5:23  Marine x3  
  34  5:25  Marine  
  37  5:30  SCV  
  37  5:34  Marine  
  34  5:42  Marauder  
  35  5:43  SCV, Marauder  
  38  5:56  Bunker  
  37  6:02  Marauder  
  31  6:22  Marine, Marauder x2  
  31  6:24  Marauder  
  32  6:32  Widow Mine  
  31  6:41  Marine  
  31  6:42  Marine  
  31  6:43  Marauder  
  35  6:47  Starport  
  35  7:02  Supply Depot  
  35  7:05  Marauder  
  33  7:14  Marauder  
  33  7:29  Medivac  
  35  7:36  Marine x2  
  29  7:58  Widow Mine  
Show
View Real Time Build Order
Export as new Build Order

Kozzy Protoss - Winner!

Build Orders:  

Get SALT Encoding   

  12  0:01  Probe  
  13  0:13  Probe  
  14  0:20  Pylon  
  14  0:25  Probe  
  15  0:38  Probe (Chrono Boost)  
  15  0:39  Gateway  
  16  0:47  Assimilator  
  17  0:50  Probe (Chrono Boost)  
  17  0:59  Probe (Chrono Boost)  
  17  1:03  Assimilator  
  18  1:11  Probe (Chrono Boost)  
  19  1:18  Probe (Chrono Boost)  
  20  1:28  Probe  
  20  1:30  Pylon  
  21  1:40  Probe  
  22  1:54  Cybernetics Core  
  22  1:58  Forge  
  22  2:02  Pylon  
  22  2:23  Gateway  
  22  2:26  Probe  
  23  2:35  Stalker (Chrono Boost)  
  23  2:43  Shield Battery  
  25  2:44  Photon Cannon  
  25  2:49  Warp Gate  
  25  2:56  Shield Battery  
  25  3:03  Stalker (Chrono Boost)  
  27  3:19  Stalker (Chrono Boost)  
  29  3:26  Stalker  
  31  3:35  Pylon, Protoss Ground Weapons Level 1 (Chrono Boost)  
  31  3:50  Stalker  
  33  3:57  Stalker  
  35  4:20  Stalker  
  37  4:28  Gateway  
  39  4:40  Pylon  
  39  4:46  Gateway  
  39  4:49  Pylon  
  37  5:00  Stalker  
  37  5:01  Stalker  
  37  5:07  Photon Cannon  
  37  5:39  Stalker x3  
  39  6:22  Stalker x4  
  41  6:51  Twilight Council  
  41  6:54  Pylon  
  41  6:56  Stalker  
  41  6:57  Stalker x2  
  41  7:35  Stalker x4  
  41  8:02  Stalker x3  
  47  8:30  Shield Battery  
  47  8:53  Stalker x4  
Tags
 
Composition
MMM Bio
Matchup
PvT
Spawn Locations
Cross Positions
Add a new tag
Caveats
  • Supply blocks, unpowered buildings, or Contaminate may cause inaccurate times.
  • Supply counts are checked every 10 seconds.